 Dungeon Crawl Stone Soup version 0.19.1-1-g22dce08 (webtiles) character file.

448 dngmouse the Cleaver (level 6, -9/52 HPs)
             Began as a Minotaur Fighter on Jan 17, 2017.
             Was a Follower of Nemelex Xobeh.
             Mangled by an ogre
             ... wielding a +0 giant club
              (19 damage)
             ... on level 4 of the Dungeon.
             The game lasted 00:10:55 (3049 turns).

dngmouse the Cleaver (Minotaur Fighter)             Turns: 3049, Time: 00:10:55

Health: -9/52      AC: 11    Str: 22    XL:     6   Next: 73%
Magic:  0/5        EV:  6    Int:  5    God:    Nemelex Xobeh [*.....]
Gold:   255        SH:  0    Dex: 10    Spells: 0 memorised, 5 levels left

rFire  . . .     SeeInvis .     G - +4 dire flail
rCold  . . .     Gourm    .     p - +0 plate armour
rNeg   . . .     Faith    .     (shield currently unavailable)
rPois  .         Spirit   +     (helmet restricted)
rElec  .         Reflect  .     (no cloak)
rCorr  +         Harm     .     (no gloves)
MR     .....                    (no boots)
Stlth  ..........               b - amulet of guardian spirit
                                x - ring of loudness (curse)
                                g - ring of resist corrosion

@: drained
A: retaliatory headbutt, horns 2
a: Renounce Religion


You were on level 4 of the Dungeon.
You worshipped Nemelex Xobeh.
Nemelex Xobeh was aware of your devotion.
You were very hungry.

You visited 1 branch of the dungeon, and saw 4 of its levels.

You collected 255 gold pieces.

Inventory:

Hand Weapons
 a - a +0 war axe
 G - a +4 dire flail (weapon)
Missiles
 o - 2 javelins (quivered)
 J - 5 tomahawks
Armour
 c - a +0 shield
 p - a +0 plate armour (worn)
Jewellery
 b - an amulet of guardian spirit (around neck)
 g - a ring of resist corrosion (left hand)
 x - a cursed ring of loudness (right hand)
 y - a +5 ring of evasion {unknown}
 F - an uncursed ring of stealth {unknown}
Scrolls
 e - 3 scrolls of teleportation {unknown}
 i - 7 scrolls of remove curse {unknown}
 j - 4 scrolls of identify {unknown}
 k - a scroll of fog {unknown}
 l - 3 scrolls of random uselessness {unknown}
 s - 2 scrolls of fear {unknown}
 C - a scroll of noise {unknown}
 H - a scroll of blinking {unknown}
 I - a scroll of magic mapping {unknown}
Potions
 d - a potion of might
 m - a potion of ambrosia {unknown}
 q - a potion of resistance {unknown}
 r - 2 potions of mutation {unknown}
 t - 2 potions of curing {unknown}
 u - a potion of haste {unknown}
 v - a potion of heal wounds {unknown}
 w - 3 potions of flight {unknown}
 A - a potion of magic {unknown}
 E - a potion of brilliance {unknown}
Miscellaneous
 B - a plain deck of summoning {drawn: 5}
 D - an ornate deck of summoning
Comestibles
 f - 4 bread rations
 h - 5 slices of pizza
 n - 5 meat rations
 z - a beef jerky


   Skills:
 - Level 4.0(3.8) Fighting
 - Level 8.1 Axes
 + Level 2.5(5.5) Maces & Flails
 - Level 3.6(3.4) Armour
 - Level 3.6(3.4) Shields


You had 5 spell levels left.
You didn't know any spells.

Dungeon Overview and Level Annotations

Branches:
Dungeon (4/15)
 Temple: D:4-7

Altars:
Cheibriados
Elyvilon
Kikubaaqudgha
Nemelex Xobeh
Sif Muna
Vehumet
Zin

Shops:
D:2 *

Annotations:
D:4 1 runed door


Innate Abilities, Weirdness & Mutations

You reflexively headbutt those who attack you in melee.
You have a pair of horns on your head.


Message History

The worker ant is heavily wounded.
The worker ant completely misses you. You furiously retaliate!
You headbutt the worker ant!
You kill the worker ant!
No target in view!
You now have 255 gold pieces (gained 4).
Found an ancient bone altar of Kikubaaqudgha.
An ogre comes into view. It is wielding a giant club.
The ogre shouts!
The ogre hits you with a giant club!!
You thump the ogre! You headbutt the ogre.
The ogre is severely wounded.
The ogre hits you with a giant club!!
* * * LOW HITPOINT WARNING * * *
You are too injured to fight recklessly!
There is a dry fountain here.
Evoke which item? (* to show all) (? for menu, Esc to quit)
You draw a card...
It is the Elements.
The ogre hits you with a giant club!!
You die...
Your body disappears without a glow.

#..........#..........###
#..........#...........#.
#..........#.............
#..........#.............
#...≈≈..⌠...........#..#.
#..≈≈≈≈...#.........#.###
#..≈≈≈≈..##.........#.#
#.≈≈≈≈D≈O##.........#.#
##.....≈.@l#.........#.###
#......≈...#.........#...#
#..⌠....Y_.#.........#...#
#....##....#.####....#...#
#...########....+....'...'
#...............#....#...#
#.....#.....#####....###'#
#.....#.....#........#...#
#.....#.....#........#...#


You could see an ogre, a friendly basilisk, a friendly mottled dragon and a
friendly ice beast.

Vanquished Creatures
  The ghost of theAP the Insei, an amateur DsFi (D:4)
  2 wights (D:4)
  An orc priest (D:3)
  4 worker ants (D:4)
  3 adders
  An ooze (D:1)
  A worm (D:2)
  5 leopard geckos
  11 orcs
  A ball python (D:1)
  3 giant cockroaches
  7 goblins
  6 hobgoblins
  2 jackals (D:3)
  9 kobolds
  A quokka (D:3)
  8 bats
  5 frilled lizards
  A rat (D:3)
72 creatures vanquished.

Vanquished Creatures (collateral kills)
  A wight (D:4)
  A frilled lizard (D:4)
2 creatures vanquished.

Grand Total: 74 creatures vanquished

Notes
Turn   | Place    | Note
-------+----------+-------------------------------------------
     0 | D:1      | dngmouse the Minotaur Fighter began the quest for the Orb.
     0 | D:1      | Reached XP level 1. HP: 19/19 MP: 0/0
    21 | D:1      | Reached XP level 2. HP: 11/27 MP: 1/1
   310 | D:1      | Reached skill level 3 in Axes
   529 | D:1      | Reached XP level 3. HP: 27/33 MP: 2/2
   597 | D:1      | Reached skill level 4 in Axes
  1002 | D:2      | Found Zin's Purification Station.
  1003 | D:2      | Found a glowing silver altar of Zin.
  1127 | D:2      | Found a deep blue altar of Sif Muna.
  1172 | D:2      | Found a white marble altar of Elyvilon.
  1544 | D:2      | Reached XP level 4. HP: 40/40 MP: 3/3
  1546 | D:2      | Reached skill level 5 in Axes
  1595 | D:3      | Found a radiant altar of Vehumet.
  1595 | D:3      | Found a snail-covered altar of Cheibriados.
  1595 | D:3      | Found a sparkling altar of Nemelex Xobeh.
  1606 | D:3      | Became a worshipper of Nemelex Xobeh the Trickster
  1655 | D:3      | Received a gift from Nemelex Xobeh
  1981 | D:3      | Received a gift from Nemelex Xobeh
  2498 | D:4      | Reached skill level 6 in Axes
  2498 | D:4      | Reached XP level 5. HP: 42/46 MP: 2/4
  2524 | D:4      | Reached * piety under Nemelex Xobeh
  2534 | D:4      | Noticed theAP's ghost (amateur DsFi)
  2555 | D:4      | Killed theAP's ghost
  2555 | D:4      | Reached skill level 7 in Axes
  2663 | D:4      | Reached XP level 6. HP: 38/52 MP: 3/5
  2688 | D:4      | Reached skill level 8 in Axes
  2858 | D:4      | Reached skill level 1 in Maces & Flails
  2874 | D:4      | Found a runed door.
  3030 | D:4      | Found an ancient bone altar of Kikubaaqudgha.
  3049 | D:4      | Mangled by an ogre

Skill      XL: |  1  2  3  4  5  6 |
---------------+-------------------+-----
Fighting       | 4 |  4.0
Axes           | 3 4 6 7 8 |  8.1
Maces & Flails | 2 |  2.5
Armour         | |  3.6
Shields        | |  3.6

Action                   |  1- 3 |  4- 6 || total
-------------------------+-------+-------++-------
Melee: War axe           |   131 |    83 ||   214
       Headbutt          |    16 |    19 ||    35
       Dire flail        |       |    23 ||    23
Evoke: Deck              |       |     5 ||     5
 Stab: Distracted        |       |     1 ||     1
  Eat: Chunk             |     2 |     4 ||     6
Armor: Scale mail        |    40 |       ||    40
       Plate armour      |    37 |    64 ||   101
Dodge: Dodged            |    29 |    20 ||    49
Block: Shield            |    96 |    46 ||   142
